 Dungeon Crawl Stone Soup version 0.30-a0-359-gd0147acb1a (webtiles) character file.

Game seed: 5494156094358449719

11001 p00ps00p the Cleaver (level 11, -29/102 HPs)
             Began as a Hill Orc Fighter on Nov 12, 2022.
             Was an Initiate of Gozag.
             Killed from afar by a hell hog (44 damage)
             ... with a fireball
             ... on level 2 of the Abyss.
             The game lasted 00:27:01 (13770 turns).

p00ps00p the Cleaver (Hill Orc Fighter)            Turns: 13770, Time: 00:27:02

Health: -29/102    AC: 30    Str: 27    XL:     11   Next: 70%
Magic:  0/11       EV: 14    Int:  8    God:    Gozag
Gold:   809        SH: 13    Dex: 10    Spells: 10/10 levels left

rFire   . . .      SeeInvis .    x - +0 hand axe (venom)
rCold   . . .      Faith    .    C - +2 kite shield {AC+3}
rNeg    . . .      Spirit   .    P - +5 plate armour of Devotion {rElec Will+ Str+3}
rPois   +          Reflect  .    (helmet restricted)
rElec   +          Harm     .    F - +0 cloak {Stlth+}
rCorr   .          Rampage  .    S - +1 pair of gloves {infuse}
Will    ++...                    A - +0 pair of boots
Stlth   ..........               (no amulet)
HPRegen 0.37/turn                f - +4 ring of evasion
MPRegen 0.12/turn                j - +4 ring of evasion

@: about to teleport, gold aura, invisible
A: horns 1, iridescent scales 1, strong-willed 1, poison resistance
a: Renounce Religion, Potion Petition, Call Merchant, Bribe Branch


You were on level 2 of the Abyss.
You worshipped Gozag.
Gozag was pleased with you.
You visited 2 branches of the dungeon, and saw 12 of its levels.
You visited the Abyss 1 time.
You also visited: Ossuary and Bailey.

You collected 3416 gold pieces.
You spent 1854 gold pieces at shops.
You paid 753 gold pieces to Gozag.

Inventory:

Hand Weapons
 a - a +3 war axe
 i - a +2 vampiric halberd
 x - a +0 hand axe of venom (weapon)
Missiles
 b - 25 poisoned darts (quivered)
 L - 2 throwing nets
Armour
 d - the +3 robe of Clouds {*Thunder rCloud rElec}
   (You found it on level 7 of the Dungeon)

   It occasionally creates storm clouds above nearby enemies.
   It grants its wearer immunity to clouds.
   rElec:     It insulates you from electricity.
 w - a +3 ring mail of fire resistance
 A - a +0 pair of boots (worn)
 B - the +2 helmet "Vunan" {rN++ Int-5 Dex+2}
   (You bought it in a shop on level 6 of the Dungeon)

   Int:       It affects your intelligence (-5).
   Dex:       It affects your dexterity (+2).
   rN:        It greatly protects you from negative energy.
 C - a +2 kite shield of protection (worn)
 F - a +0 cloak of stealth (worn)
 G - a +2 plate armour of cold resistance
 P - the +5 plate armour of Devotion (worn) {rElec Will+ Str+3}
   (You bought it in a shop on level 6 of the Dungeon)

   Str:       It affects your strength (+3).
   rElec:     It insulates you from electricity.
   Will:      It increases your willpower.
 S - a +1 pair of gloves of infusion (worn)
Jewellery
 f - a +4 ring of evasion (left hand)
 j - a +4 ring of evasion (right hand)
 r - a ring of magical power
 t - a ring of flight
 M - a ring of protection from fire
 T - a ring of wizardry
Wands
 c - a wand of polymorph (8)
 s - a wand of charming (16)
 K - a wand of flame (12)
 R - a wand of quicksilver (1)
Scrolls
 h - 2 scrolls of amnesia {unknown}
 n - 3 scrolls of fear
 p - 4 scrolls of teleportation
 q - 2 scrolls of magic mapping
 y - 3 scrolls of identify
 E - 3 scrolls of butterflies
 Q - 2 scrolls of enchant armour
Potions
 e - 3 potions of haste
 g - 6 potions of cancellation
 k - 3 potions of lignification
 l - a potion of ambrosia {unknown}
 m - 2 potions of attraction {unknown}
 o - 2 potions of invisibility
 u - a potion of berserk rage
 v - 2 potions of resistance {unknown}
 z - a potion of might
 D - 3 potions of mutation
 H - a potion of brilliance {unknown}
 I - 3 potions of heal wounds {unknown}
 N - 4 potions of curing {unknown}
 O - a potion of flight {unknown}
Miscellaneous
 J - a piece from Xom's chessboard (15/15)


   Skills:
 + Level 11.5 Fighting
 + Level 12.1 Axes
 + Level 10.6 Armour
 + Level 10.6 Shields


You had 10 spell levels left.
You didn't know any spells.
Your spell library contained the following spells:

 Spells                   Type           Power      Damage    Failure   Level
 Beastly Appendage        Tmut           0%         N/A       100%        1
 Sandblast                Erth           0%         2d4       100%        1
 Cigotuvi's Dreadful Rot  Necr/Pois/Air  0%         N/A       100%        2
 Ensorcelled Hibernation  Hex/Ice        0%         N/A       100%        2
 Passwall                 Tmut/Erth      0%         N/A       100%        2
 Sublimation of Blood     Necr           0%         N/A       100%        2
 Wereblood                Tmut           0%         N/A       100%        2
 Spider Form              Tmut/Pois      0%         N/A       100%        3
 Stone Arrow              Conj/Erth      0%         3d7       100%        3
 Tukima's Dance           Hex            0%         N/A       100%        3
 Anguish                  Hex/Necr       0%         N/A       100%        4
 Dispel Undead            Necr           0%         3d6       100%        4
 Passage of Golubria      Tloc           0%         N/A       100%        4
 Yara's Violent Unravell  Hex/Tmut       0%         3d3       100%        5
 Death Channel            Necr           0%         N/A       100%        6
 Enfeeble                 Hex            0%         N/A       100%        7
 Summon Hydra             Summ           0%         N/A       100%        7


Dungeon Overview and Level Annotations

Branches:
Dungeon (11/15)            Temple (1/1) D:5            Lair (0/5) D:10
Ossuary (visited)          Bailey (visited)
    Orc: D:9-12

Altars:
Ashenzari
Cheibriados
Dithmenos
Elyvilon
Fedhas
Gozag
Hepliaklqana
Kikubaaqudgha
Makhleb
Nemelex Xobeh
Okawaru
Qazlal
Ru
Sif Muna
Trog
Uskayaw
Vehumet
Wu Jian
Xom
Yredelemnul
Zin
The Shining One

Shops:
D:6 [   D:9 [:

Annotations:
D:11 1 transporter, boltboy's ghost, journeyman FoFi


Innate Abilities, Weirdness & Mutations

You have a pair of small horns on your head.
You are partially covered in iridescent scales. (AC +2)
You are strong-willed. (Will+)
Your system is resistant to poisons. (rPois)


Message History

You feel strangely unstable.
You feel the power of the Abyss delaying your translocation!
The small abomination hits you but does no damage.
You block the large abomination's attack.
You hit the small abomination.
The small abomination is severely damaged.
You hit the large abomination but do no damage.
The small abomination hits you but does no damage.
The large abomination hits you!
You hit the small abomination but do no damage.
The small abomination is severely damaged.
You hit the large abomination but do no damage.
The small abomination hits you!
You slash the small abomination!
You destroy the small abomination!
You slash the large abomination!
The large abomination closely misses you.
The hell hog breathes fire at you.
The fireball explodes!
The fireball engulfs you!!
* * * LOW HITPOINT WARNING * * *
You hear an angry squeal.
You fade into invisibility!
The hell hog breathes fire at you.
The fireball explodes!
The fireball engulfs the hell hog.
The hell hog completely resists.
The fireball engulfs the large abomination!!!
The large abomination is destroyed!
The fireball engulfs the hell hog.
The hell hog completely resists.
The hell hog is distracted by your dazzling golden aura.
You block the hell hog's attack.
It was a potion of mutation.
You feel extremely strange.
You feel strong-willed.
Iridescent scales grow over part of your body.
A pair of horns grows on your head!
The +2 helmet "Vunan" {rN++ Int-5 Dex+2} falls away!
You feel resistant to poisons. The hell hog breathes fire at you.
The fireball explodes!
The fireball engulfs you!!!
You die...
Your body crumbles into a pile of gold.

#. ####
#......#######
#..h$h..# #.
##@#..### # .#
#...#.. .. ....
...####...........
### #.##..# . #.
#.. .#.#..### .#
##.. ...........#
# ........# . . .
#.##.#....##. . #
.. . . #.## .


You could see 2 hell hogs.

Vanquished Creatures
  An orc sorcerer (D:9)
  An oklob plant (D:10)
  A cyclops (D:11)
  Maurice (D:11)
  2 gargoyles
  A komodo dragon (D:11)
  Sigmund (D:4)
  2 vampires
  13 yaks
  A small abomination (Abyss:2)
  2 wyverns
  A steam dragon (D:8)
  4 vampire mosquitoes (D:10)
  2 acid dragons
  A water moccasin (D:6)
  An ice beast (D:5)
  4 orc warriors
  2 black bears (D:7)
  2 sky beasts (D:7)
  2 ogres
  6 centaurs
  3 kobold brigands
  2 phantoms
  3 bullfrogs
  2 gnoll sergeants
  2 scorpions
  11 killer bees
  A howler monkey (D:7)
  3 electric eels (D:10)
  5 wolf zombies (Bailey)
  9 vampire bats (Bailey)
  2 jellies
  2 gnoll boudas
  5 orc priests
  3 hounds
  3 iguanas
  17 orc wizards
  8 mummies (Ossuary)
  6 adders
  17 gnolls
  A shadow imp (D:6)
  2 white imps
  A worm (D:3)
  2 dart slugs
  47 orcs
  6 endoplasms
  5 giant cockroaches
  A gnoll zombie (Ossuary)
  8 goblins
  6 hobgoblins
  9 jackals
  5 ball pythons
  5 bats
  A frilled lizard (D:1)
  4 hobgoblin zombies (Ossuary)
  28 kobolds
  2 kobold zombies (Ossuary)
  21 orc zombies
  10 rats
319 creatures vanquished.

Vanquished Creatures (collateral kills)
  2 gnolls (D:3)
2 creatures vanquished.

Vanquished Creatures (others)
  A large abomination (Abyss:2)
  15 fungi (D:10)
  62 plants
78 creatures vanquished.

Grand Total: 399 creatures vanquished

Notes
Turn   | Place    | Note
-------+----------+-------------------------------------------
     0 | D:1      | p00ps00p the Hill Orc Fighter began the quest for the Orb.
     0 | D:1      | Reached XP level 1. HP: 19/19 MP: 1/1
   241 | D:1      | Reached XP level 2. HP: 17/27 MP: 2/2
   242 | D:1      | Reached skill level 3 in Axes
   940 | D:2      | Reached XP level 3. HP: 33/33 MP: 3/3
  1853 | D:3      | Found a broken altar of Ashenzari.
  1927 | D:3      | Reached XP level 4. HP: 25/40 MP: 4/4
  2776 | D:3      | Found a burning altar of Makhleb.
  2792 | D:3      | Found a white marble altar of Elyvilon.
  2795 | D:3      | Found a stormy altar of Qazlal.
  2798 | D:3      | Found a shimmering blue altar of Sif Muna.
  2814 | D:3      | Reached skill level 4 in Axes
  2814 | D:3      | Reached XP level 5. HP: 24/47 MP: 5/5
  3192 | D:4      | Noticed Sigmund
  3209 | D:4      | Reached skill level 5 in Fighting
  3209 | D:4      | Reached XP level 6. HP: 28/56 MP: 6/6
  3225 | D:4      | Killed Sigmund
  3578 | D:4      | Reached skill level 5 in Axes
  3578 | D:4      | Reached skill level 5 in Armour
  3578 | D:4      | Reached skill level 5 in Shields
  3752 | D:4      | Reached XP level 7. HP: 30/61 MP: 7/7
  3986 | D:5      | Entered Level 5 of the Dungeon
  4305 | D:5      | Reached skill level 6 in Axes
  4563 | D:5      | Reached XP level 8. HP: 52/71 MP: 8/8
  4740 | D:5      | Found a sacrificial altar of Ru.
  4787 | D:5      | Found an ornate altar of the Wu Jian Council.
  4889 | D:5      | Found a staircase to the Ecumenical Temple.
  4988 | Temple   | Entered the Ecumenical Temple
  5129 | Temple   | Became a worshipper of Gozag Ym Sagoz the Greedy
  5609 | D:6      | Reached skill level 7 in Axes
  5716 | D:6      | Reached XP level 9. HP: 63/79 MP: 9/9
  5771 | D:6      | Found a sand-covered staircase.
  5777 | Ossuary  | Entered an ossuary
  6167 | D:6      | Identified a scroll of acquirement
  6167 | D:6      | Acquired 729 gold pieces
  6180 | D:6      | Bought a spiked helmet for 294 gold pieces
  6180 | D:6      | Identified the +2 helmet "Vunan" {rN++ Int-5 Dex+2} (You
                  | bought it in a shop on level 6 of the Dungeon)
  6180 | D:6      | Bought a runed kite shield for 232 gold pieces
  6180 | D:6      | Bought an embroidered cloak for 232 gold pieces
  6455 | D:6      | Found a glowing golden altar of the Shining One.
  6847 | D:7      | Reached skill level 8 in Axes
  6873 | D:7      | Found the +3 robe of Clouds {*Thunder rCloud rElec}
  7086 | D:7      | Identified the +8 quarterstaff "Ziumon" {pain, *Rage MP+9
                  | Str+5 Stlth+}
  7569 | D:8      | Found a flagged portal.
  7600 | D:8      | Reached skill level 9 in Axes
  7637 | Bailey   | Entered a bailey
  7885 | Bailey   | Reached XP level 10. HP: 91/91 MP: 10/10
  8011 | Bailey   | Noticed a gargoyle
  8069 | Bailey   | Killed a gargoyle
  8957 | D:8      | Reached skill level 10 in Axes
  9447 | D:6      | Bought a smoking plate armour for 868 gold pieces
  9447 | D:6      | Identified the +5 plate armour of Devotion {rElec Will+
                  | Str+3} (You bought it in a shop on level 6 of the Dungeon)
  9521 | D:8      | Reached skill level 10 in Fighting
 10144 | D:9      | Found Uniddit's Book Emporium.
 10189 | D:9      | Noticed an orc sorcerer
 10298 | D:9      | Killed an orc sorcerer
 10761 | D:9      | Found Juchekhlari's Antique Armour Boutique.
 10764 | D:9      | Bought a pair of faintly glowing gloves for 228 gold pieces
 10764 | D:9      | Identified the +1 pair of gloves "Moxesasch" {+Blink} (You
                  | bought it in a shop on level 9 of the Dungeon)
 11002 | D:9      | Found a radiant altar of Vehumet.
 11032 | D:9      | Reached skill level 11 in Axes
 11032 | D:9      | Reached XP level 11. HP: 90/101 MP: 0/11
 11451 | D:10     | Entered Level 10 of the Dungeon
 11514 | D:10     | Found a staircase to the Lair.
 11572 | D:10     | Reached skill level 10 in Shields
 11701 | D:10     | Found a hazy altar of Hepliaklqana.
 11714 | D:10     | Reached skill level 10 in Armour
 12232 | D:10     | Found a blossoming altar of Fedhas.
 12254 | D:10     | Noticed an oklob plant
 12346 | D:10     | Found a shimmering altar of Xom.
 12594 | D:10     | Killed an oklob plant
 12869 | D:11     | Noticed a two-headed ogre
 12869 | D:11     | Identified the +6 dire flail "Wokhymum" {vorpal, rPois rF++
                  | SInv}
 12869 | D:11     | Noticed a two-headed ogre
 12869 | D:11     | Noticed boltboy's ghost (journeyman FoFi)
 12869 | D:11     | Noticed a two-headed ogre
 12869 | D:11     | Noticed a two-headed ogre
 12869 | D:11     | Noticed a two-headed ogre
 12869 | D:11     | Found a transporter.
 13350 | D:11     | Noticed a cyclops
 13352 | D:11     | Noticed Maurice
 13362 | D:11     | Killed Maurice
 13367 | D:11     | Killed a cyclops
 13368 | D:11     | Reached skill level 12 in Axes
 13715 | D:11     | Noticed a wizard
 13725 | Abyss:2  | Cast into level 2 of the Abyss (a wizard)
 13753 | Abyss:2  | Noticed a hell hog
 13757 | Abyss:2  | Noticed a hell hog
 13770 | Abyss:2  | Gained mutation: You are strong-willed. (Will+) [potion of
                  | mutation]
 13770 | Abyss:2  | Gained mutation: You are partially covered in iridescent
                  | scales. (AC +2) [potion of mutation]
 13770 | Abyss:2  | Gained mutation: You have a pair of small horns on your
                  | head. [potion of mutation]
 13770 | Abyss:2  | Gained mutation: Your system is resistant to poisons.
                  | (rPois) [potion of mutation]
 13770 | Abyss:2  | Killed from afar by a hell hog

Illustrated notes

Levels and vault maps discovered:
D:1:      nicolae_arrival_washed_ashore, layout_basic, kennysheep_another_room,
          nicolae_kite_square_tiling_tiny, minmay_misc_feat_tower,
          minmay_rat_gold_closets
D:2:      layout_basic, serial_rivers, chequers_serial_rivers_large_a,
          chequers_serial_rivers_room_a, chequers_serial_rivers_small_a,
          chequers_serial_rivers_large_b, chequers_serial_rivers_marsh,
          grunt_decor_resistance
D:3:      layout_basic, evilmike_ruin_ashenzari,
          grunt_temple_overflow_cloverleaf
D:4:      layout_rooms, minmay_cupped, uniq_sigmund
D:5:      layout_cave_pools, amcnicky_altar_gilded, nicolae_ru_awakened_eye,
          minmay_temple_entry_fiery, guppyfry_early_lair_pool
D:6:      layout_basic, nicolae_tso_swordbearing_angel,
          nicolae_ossuary_entry_plus, nrook_mini_backslash
D:7:      layout_gridville, st_stairs_13
D:8:      layout_cave_pods, enter_bailey_5
D:9:      cheibrodos_wizards_tower, layout_loops_corners,
          mainiacjoe_overflow_alcove_4, serial_shops, nicolae_shop_behind_doors,
          nicolae_shop_window_shopping
D:10:     layout_cave_pools, tgw_fedhas, marbit_many_paths, lemuel_round_altar,
          lair_entry_dummy, serial_bayou, serial_bayou_pond_c,
          serial_bayou_crossing, serial_bayou_ford_a
D:11:     minmay_smoke_and_mirrors, layout_rooms, gammafunk_ghost_smash,
          chequers_serial_rivers_micro_c, minmay_misc_feat_chi, uniq_maurice
Temple:   hellmonk_temple_beads
Abyss:2:  base:
D:6

Skill      XL: |  1  2  3  4  5  6  7  8  9 10 11 |
---------------+----------------------------------+-----
Axes           | 3 4 5 6 7 9 11 12 | 12.1
Fighting       | 4 5 6 7 9 10 11 | 11.5
Shields        | 4 5 7 8 9 10 | 10.6
Armour         | 4 5 6 8 9 10 | 10.6

Action                   |  1- 3 |  4- 6 |  7- 9 | 10-12 || total
-------------------------+-------+-------+-------+-------++-------
Melee: War axe           |    85 |   107 |   116 |   317 ||   625
       Hand axe          |       |       |   368 |   253 ||   621
Invok: Call Merchant     |       |       |     1 |       ||     1
Evoke: Wand              |       |       |       |     3 ||     3
  Use: Scroll            |     9 |     1 |    15 |     2 ||    27
       Potion            |     1 |       |       |     4 ||     5
 Stab: Distracted        |       |       |     1 |     2 ||     3
       Sleeping          |       |       |       |     3 ||     3
Armor: Scale mail        |    42 |    34 |    10 |       ||    86
       Ring mail         |       |       |   118 |    25 ||   143
       Robe              |       |       |    23 |       ||    23
       Plate armour      |       |       |       |   141 ||   141
Dodge: Dodged            |    53 |    87 |   399 |   240 ||   779
Block: Buckler           |    25 |    29 |    63 |       ||   117
       Kite shield       |       |       |   162 |   253 ||   415

Table legend: (Time is in decaauts)
 A = Elapsed time spent in this place.
 B = Non-inter-level travel time spent in this place.
 C = Inter-level travel time spent in this place.
 D = Time resting spent in this place.
 E = Time spent auto-exploring this place.
 F = Levels seen in this place.
 G = Mean time per level.
                   A        B        C        D        E       F      G
               +--------+--------+--------+--------+--------+-----+--------+
         Total |  13904 |  13309 |    595 |   1596 |   8333 |  15 |  926.9 |
       Dungeon |  12253 |  11736 |    517 |   1260 |   7769 |  11 | 1113.9 |
        Temple |    180 |    102 |     78 |      0 |     91 |   1 |  180.0 |
         Abyss |     41 |     41 |      0 |      0 |      0 |   1 |   41.0 |
       Ossuary |    381 |    381 |      0 |     79 |    149 |   1 |  381.0 |
        Bailey |   1047 |   1047 |      0 |    257 |    323 |   1 | 1047.0 |
               +--------+--------+--------+--------+--------+-----+--------+

Top non-repeatable levels by time:
     D:9: 1471 daAuts
     D:3: 1468 daAuts
    D:10: 1448 daAuts
     D:5: 1290 daAuts
     D:8: 1281 daAuts
  Bailey: 1047 daAuts
     D:6: 988 daAuts
     D:2: 946 daAuts
     D:1: 848 daAuts
    D:11: 843 daAuts
     D:7: 836 daAuts
     D:4: 828 daAuts
 Ossuary: 381 daAuts
  Temple: 180 daAuts
 Abyss:2: 41 daAuts
